 Dungeon Crawl Stone Soup version 0.30.0-29-ga12c61a403 (webtiles) character file.

Game seed: 13315728482254868889

8933 monsoonserge the Jinx (level 11, -2/79 HPs)
             Began as a Merfolk Monk on June 16, 2023.
             Was a Priest of Wu Jian.
             Slain by a sixfirhy (11 damage)
             ... summoned by an obsidian statue
             ... on level 10 of the Dungeon.
             The game lasted 00:49:55 (9574 turns).

monsoonserge the Jinx (Merfolk Monk)                Turns: 9574, Time: 00:49:56

Health: -2/79      AC: 14    Str: 12    XL:     11   Next: 38%
Magic:  17/17      EV: 14    Int: 17    God:    Wu Jian [***...]
Gold:   532        SH:  0    Dex: 22    Spells: 9/18 levels left

rFire   . . .        f - +1 short sword (distort)
rCold   + . .        (no shield)
rNeg    . . .        K - +7 ring mail of Incorporation {Int+3}
rPois   +            u - +1 hat
rElec   .            w - scarf of Lethargy {repulsion, rC+ Will+}
rCorr   .            (no gloves)
SInv    .            (no boots)
Will    +....        (no amulet)
Stlth   ++++         H - +6 ring of dexterity
HPRegen 0.33/turn    k - ring of poison resistance
MPRegen 0.15/turn

%: repel missiles
@: exhausted
A: (nimble swimmer 2), mertail
a: Renounce Religion, Wall Jump, Serpent's Lash


You were on level 10 of the Dungeon.
You worshipped Wu Jian.
Wu Jian was most pleased with you.
You visited 2 branches of the dungeon, and saw 11 of its levels.

You collected 532 gold pieces.

Inventory:

Hand Weapons
 a - a +1 long sword of flaming
 f - a +1 short sword of distortion (weapon)
 I - a +5 dagger
 L - a +5 falchion
Missiles
 n - a throwing net
 q - 6 datura-tipped darts
 v - 17 poisoned darts (quivered)
 B - a curare-tipped dart
Armour
 d - +0 acid dragon scales
 u - a +1 hat (worn)
 w - the scarf of Lethargy (worn) {repulsion, rC+ Will+}
   (You found it on level 4 of the Dungeon)

   rC:        It protects you from cold.
   Will:      It increases your willpower.
 C - the +3 hat of Pondering {ponderous, Will+ MP+10 Int+5}
   (You took it off Gastronok on level 9 of the Dungeon)

   Int:       It affects your intelligence (+5).
   MP:        It affects your magic capacity (+10).
   Will:      It increases your willpower.
 J - the +1 chain mail "Xaborghico" {rPois}
   (You found it on level 8 of the Dungeon)

   rPois:     It protects you from poison.
 K - the +7 ring mail of Incorporation (worn) {Int+3}
   (You found it on level 8 of the Dungeon)

   Int:       It affects your intelligence (+3).
 N - a +0 ring mail of fire resistance
 O - a +1 scale mail of poison resistance
Jewellery
 k - a ring of poison resistance (right hand)
 x - a +6 ring of strength
 H - a +6 ring of dexterity (left hand)
Wands
 i - a wand of polymorph (10)
 M - a wand of roots (8)
Scrolls
 b - a scroll of acquirement {unknown}
 g - 3 scrolls of torment {unknown}
 j - 2 scrolls of amnesia {unknown}
 l - 2 scrolls of enchant weapon {unknown}
 m - a scroll of fear {unknown}
 o - 3 scrolls of vulnerability {unknown}
 p - a scroll of immolation {unknown}
 s - a scroll of blinking {unknown}
 t - 2 scrolls of poison {unknown}
 y - 3 scrolls of teleportation
 E - 2 scrolls of fog {unknown}
 G - a scroll of enchant armour {unknown}
Potions
 c - a potion of ambrosia
 e - 6 potions of mutation
 h - a potion of cancellation {unknown}
 r - 2 potions of curing
 z - a potion of brilliance
 A - 3 potions of lignification
 D - a potion of magic {unknown}
 F - 3 potions of heal wounds


   Skills:
 + Level 5.0 Fighting
 * Level 8.2(8.6) Short Blades
 - Level 3.8(6.4) Long Blades
 + Level 2.1 Throwing
 * Level 5.8 Armour
 + Level 6.4 Dodging
 + Level 8.3 Stealth
 - Level 4.0 Spellcasting
 + Level 8.8 Hexes
 - Level 3.0 Ice Magic
 + Level 2.0 Evocations


You had 9 spell levels left.
You knew the following spells:

 Your Spells              Type           Power      Damage    Failure   Level
a - Ensorcelled Hibernat  Hex/Ice        46%        N/A       4%          2
b - Confusing Touch       Hex            33%        N/A       2%          3
c - Slow                  Hex            100%       N/A       1%          1
d - Tukima's Dance        Hex            33%        N/A       2%          3

Your spell library contained the following spells:

 Spells                   Type           Power      Damage    Failure   Level
 Apportation              Tloc           6%         N/A       32%         1
 Necrotise                Necr           12%        1d4       32%         1
 Sting                    Tmut/Pois      12%        1d3       32%         1
 Summon Small Mammal      Summ           12%        N/A       32%         1
 Lesser Beckoning         Tloc           6%         N/A       43%         2
 Poisonous Vapours        Pois/Air       6%         N/A       43%         2
 Anguish                  Hex/Necr       9%         N/A       45%         4
 Spider Form              Tmut/Pois      3%         N/A       67%         3
 Teleport Other           Tloc           3%         N/A       67%         3
 Vampiric Draining        Necr           3%         2d6       67%         3
 Yara's Violent Unravell  Hex/Tmut       9%         3d6       82%         5
 Olgreb's Toxic Radiance  Pois           3%         N/A       97%         4
 Passage of Golubria      Tloc           3%         N/A       97%         4
 Agony                    Necr           3%         N/A       100%        5
 Summon Forest            Summ/Tloc      1%         N/A       100%        5
 Dispersal                Tloc           1%         N/A       100%        6


Dungeon Overview and Level Annotations

Branches:
Dungeon (10/15)            Temple (1/1) D:5            Lair (0/5) D:9
    Orc: D:9-12

Altars:
Ashenzari
Cheibriados
Dithmenos
Elyvilon
Fedhas
Gozag
Hepliaklqana
Kikubaaqudgha
Makhleb
Nemelex Xobeh
Okawaru
Qazlal
Ru
Sif Muna
Trog
Uskayaw
Vehumet
Wu Jian
Xom
Yredelemnul
Zin
The Shining One

Shops:
D:8 *

Portals:
Abyss: D:4

Annotations:
D:10 exclusion: obsidian statue


Innate Abilities, Weirdness & Mutations

((You are very nimble when in or above water. (Stealth+, EV+, Speed+++)))
Your lower body shifts to a powerful aquatic tail in water.


Message History

Confirm with . or Enter, or press ? or * to list all spells.
Aiming: Ensorcelled Hibernation (safe; 4% risk of failure)
Press: ? - help, Shift-Dir - straight line, f - sixfirhy
Aim: a sixfirhy (moderately wounded, summoned, chance to affect: 22%)
Okay, then.
Unknown command.
Casting: Ensorcelled Hibernation (safe; 4% risk of failure)
Confirm with . or Enter, or press ? or * to list all spells.
Aiming: Slow (safe; 1% risk of failure)
Press: ? - help, Shift-Dir - straight line, f - sixfirhy
Aim: a sixfirhy (moderately wounded, summoned, chance to affect: 23%)
Okay, then.
As you read the scroll of teleportation, it crumbles to dust.
You feel strangely unstable.
You spin and attack the shadow imp repeatedly.
You hit the shadow imp.
You kill the shadow imp!
The shadow imp disappears in a puff of smoke!
You spin and attack the sixfirhy repeatedly.
You closely miss the sixfirhy.
The sixfirhy is moderately wounded.
You hit the sixfirhy.
The sixfirhy is moderately wounded.
The sixfirhy blinks!
Your surroundings seem slightly different.
The iron imp hits you but does no damage.
You spin and attack the iron imp.
You hit the iron imp but do no damage.
You spin and attack the sixfirhy repeatedly.
You hit the sixfirhy.
The sixfirhy is moderately wounded.
You closely miss the sixfirhy.
The sixfirhy is moderately wounded.
The iron imp blinks!
The sixfirhy hits you.
* * * LOW HITPOINT WARNING * * *
The sixfirhy shocks you!
* * * LOW HITPOINT WARNING * * *
The sixfirhy hits you.
* * * LOW HITPOINT WARNING * * *
The sixfirhy shocks you!
You die...

....# #...)888$...... ....#
#...:888}...... ....##
####...)888)...... ...>.####
#....$..)|$.......
..).....########...#.........)...
.........##...#..5.#......#......
.................................
.................................
...............§@................
.>...........§.3.........##......
........>........................
###....##........##..............
..#...###......5.#####...........
......# #.........# #...........
...<..# ####......# ##..........
##....# ####...# #..........
##...# ##### ###........


You could see a sixfirhy (summoned), an iron imp (summoned) and a crimson imp
(summoned).

Vanquished Creatures
  Gastronok (D:9)
  A two-headed ogre (D:9)
  A gargoyle (D:10)
  Maggie (D:9)
  Psyche (D:9)
  A komodo dragon (D:9)
  A troll (D:9)
  A wraith (D:10)
  The ghost of monsoonserge the Slasher, an amateur DsMo (D:4)
  2 steam dragons (D:8)
  3 vampire mosquitoes (D:8)
  A small abomination (D:4)
  An acid dragon (D:10)
  2 water moccasins
  2 orc warriors
  2 sky beasts
  A black bear (D:7)
  7 centaurs
  2 kobold brigands
  A bullfrog (D:8)
  5 scorpions (D:6)
  A gnoll sergeant (D:8)
  10 wights
  7 killer bees
  3 howler monkeys
  6 hounds
  A jelly (D:6)
  A gnoll bouda (D:8)
  4 orc priests
  A sleepcap (D:4)
  Terence (D:2)
  4 orc wizards
  19 gnolls
  5 adders
  An ufetubus (D:4)
  4 dart slugs
  34 orcs
  5 endoplasms
  2 giant cockroaches
  5 goblins
  7 hobgoblins
  2 jackals (D:4)
  21 kobolds
  4 quokkas
  7 ball pythons
  5 bats
  5 frilled lizards
  4 rats
207 creatures vanquished.

Notes
Turn   | Place    | Note
-------+----------+-------------------------------------------
     0 | D:1      | monsoonserge the Merfolk Monk began the quest for the Orb.
     0 | D:1      | Reached XP level 1. HP: 18/18 MP: 1/1
   135 | D:1      | Reached XP level 2. HP: 24/24 MP: 2/2
   384 | D:1      | Reached XP level 3. HP: 30/30 MP: 3/3
   390 | D:1      | Learned a level 2 spell: Ensorcelled Hibernation
   630 | D:2      | Noticed Terence
   638 | D:2      | Killed Terence
   639 | D:2      | Reached XP level 4. HP: 32/37 MP: 3/5
   807 | D:2      | Reached skill level 1 in Hexes
   837 | D:2      | Reached skill level 1 in Short Blades
   837 | D:2      | Reached skill level 1 in Ice Magic
  1250 | D:3      | Reached skill level 1 in Spellcasting
  1283 | D:3      | Reached skill level 5 in Dodging
  1332 | D:3      | Reached XP level 5. HP: 42/42 MP: 6/6
  1339 | D:3      | Learned a level 3 spell: Confusing Touch
  1816 | D:4      | Identified the scarf of Lethargy {repulsion, rC+ Will+}
  1903 | D:4      | Noticed a sky beast
  1913 | D:4      | Killed a sky beast
  1914 | D:4      | Reached XP level 6. HP: 23/48 MP: 6/8
  2102 | D:4      | Found a one-way gate to the infinite horrors of the Abyss.
  2102 | D:4      | Noticed monsoonserge's ghost (amateur DsMo)
  2103 | D:4      | Noticed a small abomination
  2106 | D:4      | Noticed a small abomination
  2222 | D:4      | Reached skill level 1 in Stealth
  2392 | D:4      | Found a transporter.
  2431 | D:4      | Found a transporter.
  2538 | D:4      | Noticed a toenail golem
  2674 | D:5      | Entered Level 5 of the Dungeon
  2741 | D:5      | Noticed a water moccasin
  2742 | D:5      | Found a staircase to the Ecumenical Temple.
  2749 | D:5      | Banished a water moccasin
  2750 | D:5      | Reached XP level 7. HP: 31/54 MP: 3/10
  2755 | Temple   | Entered the Ecumenical Temple
  3188 | Temple   | Became a worshipper of the Wu Jian Council
  3188 | Temple   | Reached * piety under Wu Jian
  3188 | Temple   | Reached ** piety under Wu Jian
  3326 | D:5      | Reached skill level 1 in Armour
  3351 | D:6      | Reached skill level 5 in Short Blades
  3546 | D:6      | Reached XP level 8. HP: 60/60 MP: 3/12
  4676 | D:7      | Found a broken altar of Ashenzari.
  4892 | D:4      | Banished a toenail golem
  4893 | D:4      | Reached skill level 5 in Stealth
  4893 | D:4      | Reached skill level 5 in Hexes
  4893 | D:4      | Reached XP level 9. HP: 46/65 MP: 9/13
  4895 | D:4      | Learned a level 1 spell: Slow
  4909 | D:4      | Killed monsoonserge's ghost
  5136 | D:4      | Got Lugonu's Octavo of the Vector
  5354 | D:7      | Reached *** piety under Wu Jian
  5579 | D:7      | You fall into a shaft and drop 1 floor!
  5627 | D:8      | Found Keipp's General Store.
  6200 | D:8      | Reached XP level 10. HP: 65/71 MP: 14/14
  6371 | D:8      | Identified the +1 chain mail "Xaborghico" {rPois}
  6781 | D:9      | Found a staircase to the Lair.
  6973 | D:9      | Noticed Gastronok
  7210 | D:8      | Identified the +7 ring mail of Incorporation {Int+3}
  7219 | D:8      | Reached skill level 5 in Armour
  7784 | D:9      | Reached skill level 1 in Throwing
  7882 | D:9      | Noticed Maggie
  7894 | D:9      | Killed Maggie
  7895 | D:9      | Reached skill level 1 in Evocations
  7920 | D:9      | Noticed a two-headed ogre
  7928 | D:9      | Killed a two-headed ogre
  7991 | D:9      | Reached XP level 11. HP: 62/78 MP: 15/15
  8109 | D:10     | Entered Level 10 of the Dungeon
  8131 | D:10     | Noticed Psyche
  8173 | D:9      | Killed Psyche
  8558 | D:9      | Killed Gastronok
  8589 | D:9      | Reached **** piety under Wu Jian
  8698 | D:9      | Learned a level 3 spell: Tukima's Dance
  9064 | D:10     | Noticed an obsidian statue
  9116 | D:10     | Reached skill level 5 in Fighting
  9554 | D:10     | Noticed a sixfirhy
  9574 | D:10     | Slain by a sixfirhy

Illustrated notes

Levels and vault maps discovered:
D:1:      roderic_crossed_star, layout_rooms, minmay_hexomino_f4
D:2:      layout_loops_ring, kennysheep_path_1, uniq_terence
D:3:      layout_basic
D:4:      layout_cave_pools, gammafunk_ghost_abyssal_escape
D:5:      layout_basic, minmay_temple_entry_enclosed_plants
D:6:      layout_basic, glass_columns_c
D:7:      nicolae_BIG_FREAKIN_CUBE, layout_cave_pools, ashenzari_altar_1
D:8:      cheibrodos_steamvent, layout_cave_pools, serial_shops, shop,
          minmay_misc_feat_cross, minmay_misc_feat_roman
D:9:      layout_gridville, david_lair_shrubbed, uniq_maggie, uniq_gastronok
D:10:     layout_cross, minmay_protected_statue, uniq_psyche
Temple:   compressed_dpeg_triangle_lava_temple

Skill      XL: |  1  2  3  4  5  6  7  8  9 10 11 |
---------------+----------------------------------+-----
Fighting       | 4 5 |  5.0
Hexes          | 1 2 3 5 7 8 |  8.8
Short Blades   | 1 3 4 5 6 7 8 |  8.2
Ice Magic      | 1 2 3 |  3.0
Spellcasting   | 1 2 3 4 |  4.0
Dodging        | 5 6 |  6.4
Stealth        | 1 5 6 7 8 |  8.3
Armour         | 1 3 4 5 |  5.8
Throwing       | 2 |  2.1
Evocations     | 1 2 |  2.0
Long Blades    | |  3.8

Action                     |  1- 3 |  4- 6 |  7- 9 | 10-12 || total
---------------------------+-------+-------+-------+-------++-------
  Melee: Falchion          |    19 |       |       |       ||    19
         Short sword       |    42 |   127 |   172 |   259 ||   600
         Punch             |       |       |       |     2 ||     2
  Throw: Dart              |       |       |     2 |     3 ||     5
   Cast: Ensorcelled Hiber |       |     2 |    52 |    32 ||    86
         Confusing Touch   |       |       |     2 |     3 ||     5
         Slow              |       |       |     1 |       ||     1
 Invoke: Serpent's Lash    |       |       |       |     3 ||     3
Ability: Whirlwind         |       |       |    46 |    51 ||    97
         Lunge             |       |       |    16 |    25 ||    41
         Wall Jump         |       |       |     1 |       ||     1
    Use: Potion            |       |     1 |     1 |     3 ||     5
         Scroll            |       |       |     6 |     2 ||     8
   Stab: Distracted        |       |     1 |       |     1 ||     2
         Sleeping          |       |     1 |    19 |    20 ||    40
         Confused          |       |       |       |     2 ||     2
 Armour: Robe              |     7 |    10 |       |       ||    17
         Leather armour    |       |     2 |    22 |       ||    24
         Ring mail         |       |       |       |    49 ||    49
  Dodge: Dodged            |    43 |    68 |   145 |   102 ||   358
         Repelled          |       |     1 |     1 |       ||     2
